 Dungeon Crawl Stone Soup version 0.29-a0-271-gd4eb659eea (webtiles) character file.

Game seed: 1033577848625955228

1059 bande the Chopper (level 8, -6/48 HPs)
             Began as a Gargoyle Fighter on Mar 8, 2022.
             Was an Initiate of Okawaru.
             Mangled by a two-headed ogre
             ... wielding a +0 giant club
              (12 damage)
             ... on level 5 of the Dungeon on Mar 9, 2022.
             The game lasted 00:07:19 (5608 turns).

bande the Chopper (Gargoyle Fighter)                Turns: 5608, Time: 00:07:20

Health: -6/48      AC: 25    Str: 20    XL:     8   Next: 27%
Magic:  8/8        EV:  7    Int:  9    God:    Okawaru [......]
Gold:   257        SH:  5    Dex: 11    Spells: 7/7 levels left

rFire   . . .      SeeInvis .   a - +1 war axe (chaos)
rCold   . . .      Faith    .   c - +0 buckler
rNeg    + . .      Spirit   .   l - +0 chain mail
rPois   ∞          Reflect  .   m - +1 helmet
rElec   +          Harm     .   n - +0 cloak
rCorr   .          Rampage  .   f - +1 pair of gloves
Will    .....                   (no boots)
Stlth   ..........              (no amulet)
HPRegen 0.16/turn               q - +4 ring of protection
MPRegen 0.11/turn               (no ring)

@: no status effects
A: sickness immunity, AC +5, negative energy resistance 1, electricity
resistance, torment resistance 1, petrification resistance
a: Renounce Religion


You were on level 5 of the Dungeon.
You worshipped Okawaru.
Okawaru was noncommittal.
You visited 2 branches of the dungeon, and saw 6 of its levels.

You collected 257 gold pieces.

Inventory:

Hand Weapons
 a - a +1 war axe of chaos (weapon)
Armour
 b - a +0 scale mail
 c - a +0 buckler (worn)
 f - a +1 pair of gloves (worn)
 l - a +0 chain mail (worn)
 m - a +1 helmet (worn)
 n - a +0 cloak (worn)
Jewellery
 k - a ring of magical power
 o - the ring of Laqipp {*Corrode Fly rPois Dex+5 Stlth+}
   (You found it on level 4 of the Dungeon)

   [ring of poison resistance]

   Dex:       It affects your dexterity (+5).
   rPois:     It protects you from poison.
   Fly:       It grants you flight.
   *Corrode:  It may corrode you when you take damage.
   Stlth:     It makes you more stealthy.
 q - a +4 ring of protection (left hand)
Wands
 g - a wand of polymorph (10)
Scrolls
 h - 2 scrolls of teleportation
Potions
 d - 2 potions of might
 e - 2 potions of flight
 i - a potion of attraction {unknown}
 j - 2 potions of curing
 p - 2 potions of brilliance {unknown}
 r - a potion of haste {unknown}
 s - a potion of resistance {unknown}
 t - 2 potions of berserk rage {unknown}
 u - a potion of invisibility {unknown}


   Skills:
 + Level 4.9 Fighting
 + Level 6.2 Axes
 + Level 6.1 Armour
 + Level 4.7 Shields
 * Level 0.9 Evocations


You had 7 spell levels left.
You didn't know any spells.
Your spell library contained the following spells:

 Spells                   Type           Power      Damage    Failure   Level
 Pain                     Necr           0%         1d4       99%         1
 Shock                    Conj/Air       0%         1d3       99%         1
 Wereblood                Tmut           0%         N/A       100%        2
 Swiftness                Air            0%         N/A       100%        3
 Airstrike                Air            0%         N/A       100%        4
 Agony                    Necr           0%         N/A       100%        5
 Excruciating Wounds      Necr           0%         N/A       100%        5
 Sublimation of Blood     Necr           Unusable   N/A       N/A         2
 Summon Hydra             Summ           Unusable   N/A       N/A         7

Dungeon Overview and Level Annotations

Branches:
Dungeon (5/15)             Temple (1/1) D:5

Altars:
Cheibriados
Elyvilon
Gozag
Kikubaaqudgha
Makhleb
Okawaru
Qazlal
Ru
Sif Muna
Trog
Wu Jian
Zin
The Shining One

Annotations:
Abyss:1 Duvessa


Innate Abilities, Weirdness & Mutations

You are immune to sickness and miasma.
Your stone body is resilient. (AC +5)
You are immune to poison.
You resist negative energy. (rN+)
You are resistant to electric shocks. (rElec)
You are resistant to unholy torment.
You are immune to petrification.


Message History

There is a staircase back to the Dungeon here.
Found a sacrificial altar of Ru.
Found a glowing silver altar of Zin.
Found a glowing golden altar of the Shining One.
Found a stormy altar of Qazlal.
Found an iron altar of Okawaru.
Found an ancient bone altar of Kikubaaqudgha.
There is an iron altar of Okawaru here.
You kneel at the altar of Okawaru.
Okawaru welcomes you!
Found a snail-covered altar of Cheibriados.
There is an ancient bone altar of Kikubaaqudgha here.
Found an ornate altar of the Wu Jian Council.
There is a staircase back to the Dungeon here.
You climb upwards.
Welcome back to the Dungeon!
The two-headed ogre hits you with a +0 giant club!!
Ouch! That really hurt!
The two-headed ogre hits you but does no damage.
There is a staircase to the Ecumenical Temple here.
Unknown command.
You slash the two-headed ogre!
The two-headed ogre is moderately wounded.
You completely miss the two-headed ogre.
The two-headed ogre is moderately wounded.
The two-headed ogre hits you with a +0 giant club!
* * * LOW HITPOINT WARNING * * *
You block the two-headed ogre's attack.
You hit the two-headed ogre but do no damage.
The two-headed ogre is moderately wounded.
The two-headed ogre hits you but does no damage.
The two-headed ogre completely misses you.
You slash the two-headed ogre!
The two-headed ogre is heavily wounded.
The two-headed ogre hits you but does no damage.
The two-headed ogre barely misses you.
You hit the two-headed ogre.
The two-headed ogre flickers and vanishes!
Deactivating autopickup; reactivate with Ctrl-A.
Something hits you!
You die...

......# #.........###.........
......#######..####'.###.........
...............###....##.........
###...O......##...##...#.........
##........#..###..#..#...##.##.
##......#..#...#..#.#####...##
#......#.#.###.#.#.# #...#
#.....#.#.#{..#.#.## #8_8#
#####.#.#.#.@.#.#.# #####
#.#.#.#...#.#.## #..#.#.###.#.#.#
#..#..#...#..#.######
##..#..###..#.......#
#...##...##...####.#
##....###....## ###.........#
##........#


There were no monsters in sight!

Vanquished Creatures
  The ghost of Cecur the Conjurer, an amateur DrCj (D:3)
  An ogre (D:5)
  A black bear (D:4)
  A kobold brigand (D:4)
  2 necrophages (D:5)
  2 scorpions
  Dowan (D:4)
  A howler monkey (D:5)
  Crazy Yiuf (D:2)
  A jelly (D:4)
  3 iguanas
  3 gnolls
  2 adders
  A white imp (D:5)
  A worm (D:2)
  An orc (D:3)
  5 bats
  7 endoplasms
  3 giant cockroaches
  5 goblins
  5 hobgoblins
  4 jackals (D:2)
  7 kobolds
  4 quokkas
  7 ball pythons
  4 frilled lizards
  5 rats
79 creatures vanquished.

Notes
Turn   | Place    | Note
-------+----------+-------------------------------------------
     0 | D:1      | bande the Gargoyle Fighter began the quest for the Orb.
     0 | D:1      | Reached XP level 1. HP: 14/14 MP: 1/1
   165 | D:1      | Reached XP level 2. HP: 18/19 MP: 2/2
   391 | D:1      | Found a faded altar of an unknown god.
  1239 | D:2      | Found a runed translucent door.
  1240 | D:2      | Noticed Crazy Yiuf
  1267 | D:2      | Reached XP level 3. HP: 22/24 MP: 3/3
  2620 | D:2      | Killed Crazy Yiuf
  2621 | D:2      | Reached XP level 4. HP: 16/29 MP: 4/4
  3574 | D:3      | Reached XP level 5. HP: 33/33 MP: 5/5
  3837 | D:4      | Found a runed translucent gate.
  3838 | D:4      | Noticed Cecur's ghost (amateur DrCj)
  3843 | D:4      | Found a runed translucent gate.
  3843 | D:4      | Found a runed translucent gate.
  3936 | D:4      | Noticed a kobold brigand
  3948 | D:4      | Killed a kobold brigand
  3949 | D:4      | Reached XP level 6. HP: 33/38 MP: 6/6
  4003 | D:4      | Noticed a black bear
  4012 | D:4      | Killed a black bear
  4082 | D:4      | Reached skill level 5 in Armour
  4162 | D:4      | Noticed Duvessa
  4162 | D:4      | Noticed Dowan
  4172 | D:4      | Banished Duvessa
  4173 | D:4      | Reached XP level 7. HP: 39/44 MP: 7/7
  4177 | D:4      | Killed Dowan
  4227 | D:4      | Identified the ring of Laqipp {*Corrode Fly rPois Dex+5
                  | Stlth+}
  4425 | D:3      | Reached skill level 5 in Axes
  4830 | D:3      | Killed Cecur's ghost
  5053 | D:5      | Entered Level 5 of the Dungeon
  5122 | D:5      | Reached XP level 8. HP: 48/48 MP: 8/8
  5406 | D:5      | Found an opulent altar of Gozag.
  5447 | D:5      | Found a staircase to the Ecumenical Temple.
  5497 | D:5      | Noticed a two-headed ogre
  5515 | Temple   | Entered the Ecumenical Temple
  5573 | Temple   | Became a worshipper of Warmaster Okawaru
  5608 | D:5      | Mangled by a two-headed ogre

Illustrated notes

Levels and vault maps discovered:
D:1:      nicolae_arrival_somewhat_less_tricky_arrival, layout_basic,
          shapermc_ecumenical_altar_ellora
D:2:      layout_basic, uniq_crazy_yiuf_cottage
D:3:      layout_basic
D:4:      layout_rooms, gammafunk_ghost_split, uniq_duvessa
D:5:      layout_basic, grunt_gozag_breadcrumbs, minmay_temple_entry_steel_oval,
          minmay_crossroads
Temple:   eino_temple_rhombus

Skill      XL: |  1  2  3  4  5  6  7  8 |
---------------+-------------------------+-----
Axes           | 2 3 4 5 6 |  6.2
Armour         | 4 5 6 |  6.1
Fighting       | 4 |  4.9
Shields        | 4 |  4.7
Evocations     | |  0.9

Action                   |  1- 3 |  4- 6 |  7- 9 || total
-------------------------+-------+-------+-------++-------
Melee: War axe           |   108 |    88 |    72 ||   268
  Use: Scroll            |     6 |     7 |     1 ||    14
 Stab: Paralysed         |       |       |     1 ||     1
Armor: Scale mail        |    61 |    70 |     4 ||   135
       Chain mail        |       |       |    64 ||    64
Dodge: Dodged            |    52 |    53 |    24 ||   129
Block: Buckler           |    23 |    24 |    18 ||    65

Table legend: (Time is in decaauts)
 A = Elapsed time spent in this place.
 B = Non-inter-level travel time spent in this place.
 C = Inter-level travel time spent in this place.
 D = Time resting spent in this place.
 E = Time spent auto-exploring this place.
 F = Levels seen in this place.
 G = Mean time per level.
                   A        B        C        D        E       F      G
               +--------+--------+--------+--------+--------+-----+--------+
         Total |   5712 |   5631 |     81 |   1223 |   3505 |   6 |  952.0 |
       Dungeon |   5624 |   5558 |     66 |   1223 |   3450 |   5 | 1124.8 |
        Temple |     87 |     72 |     15 |      0 |     55 |   1 |   87.0 |
               +--------+--------+--------+--------+--------+-----+--------+

Top non-repeatable levels by time:
     D:2: 1990 daAuts
     D:3: 1288 daAuts
     D:1: 1057 daAuts
     D:4: 809 daAuts
     D:5: 477 daAuts
  Temple: 87 daAuts
